 Dungeon Crawl Stone Soup version 0.32-a0-468-g38b2580584 (webtiles) character file.

Game seed: 130824835529238740

14893 Atlas the Thaumaturge (level 11, -1/71 HPs)
             Began as a Demonspawn Fire Elementalist on Feb 24, 2024.
             Was an Elder of Vehumet.
             Slain by a tengu warrior
             ... wielding a +0 great mace
              (13 damage)
             ... on level 8 of the Dungeon.
             The game lasted 00:17:42 (14236 turns).

Atlas the Thaumaturge (DsFE)                       Turns: 14236, Time: 00:17:43

Health: -1/71      AC: 10    Str:  8    XL:     11   Next: 94%
Magic:  1/35       EV: 15    Int: 20    God:    Vehumet [****..]
Gold:   554        SH:  4    Dex: 14    Spells: 23/33 levels left

rFire   + + .        c - staff of fire
rCold   x . .        s - +0 buckler
rNeg    . . .        D - +0 swamp dragon scales
rPois   +            (no helmet)
rElec   .            C - scarf {shadows}
rCorr   .            v - +1 pair of gloves
SInv    .            (no boots)
Will    .....        x - amulet of faith
Stlth   ++           K - ring of fire
HPRegen 0.31/turn    F - ring of magical power
MPRegen 0.24/turn

%: faith
@: agile
A: demonic guardian 1, powered by pain 2, demonic touch 2
a: Renounce Religion


You were on level 8 of the Dungeon.
You worshipped Vehumet.
Vehumet was greatly pleased with you.
You visited 2 branches of the dungeon, and saw 12 of its levels.

You collected 644 gold pieces.
You spent 90 gold pieces at shops.

Inventory:

Hand Weapons
 H - a +0 heavy hand axe
Armour
 s - a +0 buckler (worn)
 v - a +1 pair of gloves (worn)
 C - a scarf of shadows (worn)
 D - +0 swamp dragon scales (worn)
Magical Staves
 c - a staff of fire (weapon)
Jewellery
 a - a ring of poison resistance
 x - an amulet of faith (around neck)
 F - a ring of magical power (right hand)
 K - a ring of fire (left hand)
 L - a ring of magical power
Wands
 i - a wand of paralysis (11)
 u - a wand of polymorph (10)
 y - a wand of mindburst (11)
 B - a wand of flame (7)
 I - a wand of iceblast (3)
Scrolls
 e - a scroll of torment
 h - 2 scrolls of revelation
 j - 4 scrolls of teleportation
 k - 2 scrolls of enchant armour
 m - a scroll of amnesia
 n - 2 scrolls of fog {unknown}
 o - 2 scrolls of immolation {unknown}
 r - 4 scrolls of identify
 z - 2 scrolls of brand weapon {unknown}
 A - 2 scrolls of enchant weapon {unknown}
 E - a scroll of poison {unknown}
 G - a scroll of butterflies {unknown}
 J - 2 scrolls of vulnerability {unknown}
Potions
 b - a potion of magic
 d - a potion of ambrosia {unknown}
 g - 5 potions of brilliance {unknown}
 l - a potion of lignification {unknown}
 p - a potion of haste
 q - a potion of curing
 t - a potion of invisibility {unknown}
 w - a potion of attraction {unknown}
 M - a potion of enlightenment {unknown}


   Skills:
 + Level 1.4 Fighting
 + Level 0.5 Staves
 + Level 3.9 Armour
 + Level 2.8 Dodging
 + Level 3.5 Stealth
 + Level 1.6 Shields
 + Level 11.5 Spellcasting
 + Level 6.5 Conjurations
 + Level 11.3 Fire Magic
 + Level 0.1 Evocations


You had 23 spell levels left.
You knew the following spells:

 Your Spells              Type           Power      Damage    Failure   Level
a - Scorch                Fire           100%       2d9       1%          2
b - Foxfire               Conj/Fire      100%       2x1d9     1%          1
c - Flame Wave            Conj/Fire      82%        2d18      1%          4
d - Mephitic Cloud        Conj/Alch/Air  20%        N/A       9%          3

Your spell library contained the following spells:

 Spells                   Type           Power      Damage    Failure   Level
 Brom's Barrelling Bould  Conj/Erth      24%        2d5       17%         4
 Sting                    Conj/Alch      96%        1d9       1%          1
 Inner Flame              Hex/Fire       67%        N/A       2%          3
 Volatile Blastmotes      Fire/Tloc      100%       2d18      2%          3
 Sticky Flame             Fire/Alch      67%        2d11      7%          4
 Mercury Vapours          Alch/Air       22%        N/A       11%         2
 Apportation              Tloc           22%        N/A       26%         1
 Necrotise                Necr           44%        1d6       26%         1
 Summon Small Mammal      Summ           44%        N/A       26%         1
 Jinxbite                 Hex            22%        N/A       38%         2
 Freezing Cloud           Conj/Ice/Air   10%        6-21      56%         5
 Yara's Violent Unravell  Hex/Alch       5%         3d4       83%         5
 Enfeeble                 Hex            5%         N/A       100%        7


Dungeon Overview and Level Annotations

Branches:
Dungeon (11/15)            Temple (1/1) D:7            Lair (0/5) D:10
    Orc (0/2) D:9

Altars:
Ashenzari
Cheibriados
Dithmenos
Fedhas
Gozag
Hepliaklqana
Kikubaaqudgha
Makhleb
Nemelex Xobeh
Okawaru
Qazlal
Ru
Sif Muna
Trog
Uskayaw
Vehumet
Wu Jian
Xom
Yredelemnul
Jiyva

Annotations:
D:9 exclusion: orange crystal statue


Innate Abilities, Weirdness & Mutations

A weak demonic guardian rushes to your aid.
You sometimes gain power by taking damage.
Your touch may inflict irresistible damage on your foes.


Message History

Unknown command.
Casting: Scorch (safe; 1% risk of failure)
Confirm with . or Enter, or press ? or * to list all spells.
You feel a strong surge of power!
Flames lash the tengu warrior.
The tengu warrior is burned terribly!
The tengu warrior is severely wounded.
The tengu warrior closely misses you.
You block the tengu warrior's attack. x2
Unknown command.
You closely miss the tengu warrior.
The tengu warrior is severely wounded.
The tengu warrior hits you with a +0 great mace!
A demonic guardian appears!
The tengu warrior pecks you but does no damage.
The tengu warrior claws you.
The tengu warrior hits you with a +0 great mace!
The tengu warrior pecks you but does no damage.
The tengu warrior claws you but does no damage.
Casting: Scorch (safe; 1% risk of failure)
Confirm with . or Enter, or press ? or * to list all spells.
You feel a strong surge of power!
Flames lash the tengu warrior.
The tengu warrior is burned terribly!
The tengu warrior is severely wounded.
Your ice devil barely misses the tengu warrior.
The tengu warrior hits you with a +0 great mace!
The tengu warrior pecks you. The tengu warrior claws you.
You are too injured to fight recklessly!
You closely miss the tengu warrior.
The tengu warrior is severely wounded.
Your ice devil closely misses the tengu warrior.
The tengu warrior hits you with a +0 great mace!!
* * * LOW HITPOINT WARNING * * *
You focus on the pain.
You feel agile all of a sudden.
The tengu warrior pecks you but does no damage.
The tengu warrior claws you but does no damage.
You feel better.
Your ice devil hits the tengu warrior.
Your ice devil freezes the tengu warrior!
The tengu warrior slips past you!
The tengu warrior hits you with a +0 great mace!
You die...

...##.....#....##..........#.....
.............#........#.##...#.#.
#######################.####.....
......['.........#..###.# ######
.......#.........#....#.# #..
.......#.........#.##.#.# #.#
......ß#.........#.##.#.# #.#
#'##############Q#.##...# #.# ).#
......@#.####### #.# ..#
......†#.#.....# #.# ..#
......4#.....#.# #.# ..#
......$#.......######.# ###
.......#..#............
.......#.............#.
.......#...[..))...#...
#.##.#.).......# #.##.#.....#.#..


You could see a tengu warrior (combustible, ally target) and a friendly ice
devil (summoned).

Vanquished Creatures
  Harold (D:11)
  A boulder beetle (D:8)
  3 two-headed ogres
  Urug (D:11)
  A deep elf knight (D:11)
  An arcanist (D:11)
  An ugly thing (D:8)
  Joseph (D:10)
  Maggie (D:8)
  A komodo dragon (D:10)
  An unseen horror (D:10)
  A hornet (D:10)
  Grinder (D:3)
  A shadow (D:11)
  3 wraiths
  7 yaks (D:10)
  A vampire (D:9)
  4 wyverns
  3 vampire mosquitoes
  3 water moccasins
  3 sky beasts
  A swamp drake (D:9)
  4 orc warriors
  6 black bears
  4 ogres
  A centaur (D:10)
  A phantom (D:5)
  2 kobold brigands
  9 bullfrogs
  2 gnoll sergeants
  2 scorpions
  18 wights
  7 killer bees
  4 howler monkeys
  5 jellies
  A bombardier beetle (D:5)
  2 gnoll boudas
  10 orc priests
  2 hounds
  2 sleepcaps
  4 iguanas
  11 orc wizards
  15 gnolls
  5 adders
  2 shadow imps (D:7)
  A white imp (D:8)
  2 ufetubi (D:5)
  A dart slug (D:3)
  2 ribbon worms
  45 orcs
  5 endoplasms
  6 giant cockroaches
  8 goblins
  5 hobgoblins
  2 jackals (D:1)
  A quokka (D:5)
  6 ball pythons
  9 bats
  6 frilled lizards
  10 kobolds
  5 rats
274 creatures vanquished.

Vanquished Creatures (collateral kills)
  A wight (D:9)
  2 gnolls (D:10)
  An orc (D:8)
4 creatures vanquished.

Vanquished Creatures (others)
  An orc (D:8)
  972 foxfires
973 creatures vanquished.

Grand Total: 1251 creatures vanquished

Notes
Turn   | Place    | Note
-------+----------+-------------------------------------------
     0 | D:1      | Atlas the Demonspawn Fire Elementalist began the quest for
                  | the Orb.
     0 | D:1      | Reached XP level 1. HP: 13/13 MP: 3/3
   385 | D:1      | Gained mutation: Your touch may inflict minor irresistible
                  | damage on your foes. [demonic ancestry]
   385 | D:1      | Reached XP level 2. HP: 18/19 MP: 1/5
  1074 | D:1      | Reached XP level 3. HP: 24/24 MP: 1/6
  1160 | D:1      | Learned a level 2 spell: Scorch
  1598 | D:2      | You fall into a shaft and drop 2 floors!
  2164 | D:3      | Reached XP level 4. HP: 26/30 MP: 1/8
  2457 | D:3      | Noticed Grinder
  3602 | D:3      | Paralysed by Grinder for 2 turns
  3622 | D:3      | Killed Grinder
  3623 | D:3      | Reached XP level 5. HP: 29/35 MP: 0/11
  3623 | D:3      | Gained mutation: Your touch may inflict irresistible damage
                  | on your foes. [demonic ancestry]
  3623 | D:3      | Reached XP level 6. HP: 34/41 MP: 0/12
  4152 | D:4      | Found a burning altar of Makhleb.
  4589 | D:5      | Entered Level 5 of the Dungeon
  4781 | D:5      | Gained mutation: You sometimes gain a little power by
                  | taking damage. [demonic ancestry]
  4781 | D:5      | Reached XP level 7. HP: 45/46 MP: 8/14
  5034 | D:5      | Learned a level 4 spell: Flame Wave
  5068 | D:5      | Reached skill level 5 in Spellcasting
  5184 | D:5      | Reached skill level 5 in Fire Magic
  5840 | D:5      | Reached XP level 8. HP: 52/52 MP: 9/16
  6387 | D:5      | Identified the +0 leather armour "Uloinog" {Rampage Int-4
                  | Slay+3 Stlth+}
  6523 | D:6      | Reached skill level 1 in Armour
  6604 | D:6      | Identified the +9 chain mail of the Guild-Master {rElec
                  | Int+4}
  7413 | D:6      | Gained mutation: A weak demonic guardian rushes to your
                  | aid. [demonic ancestry]
  7413 | D:6      | Reached XP level 9. HP: 42/58 MP: 8/18
  7922 | D:7      | Found a sparkling altar of Nemelex Xobeh.
  7922 | D:7      | Found an ornate altar of the Wu Jian Council.
  8110 | D:7      | Found a staircase to the Ecumenical Temple.
  8115 | Temple   | Entered the Ecumenical Temple
  8142 | Temple   | Became a worshipper of Vehumet
  8215 | D:7      | Found Zin's Purification Station.
  8221 | D:7      | Bought a potion of curing for 90 gold pieces
  8221 | D:7      | Found a snail-covered altar of Cheibriados.
  8525 | D:7      | Reached skill level 5 in Conjurations
  9099 | D:8      | Reached * piety under Vehumet
  9099 | D:8      | Offered knowledge of Shock by Vehumet.
  9378 | D:8      | Noticed Maggie
  9385 | D:8      | Killed Maggie
  9779 | D:8      | Found a viscous altar of Jiyva.
 10324 | D:8      | Reached XP level 10. HP: 43/59 MP: 22/22
 10937 | D:9      | Reached ** piety under Vehumet
 10937 | D:9      | Offered knowledge of Searing Ray by Vehumet.
 11391 | D:8      | Noticed a red ugly thing
 11465 | D:9      | Noticed an orange crystal statue
 11634 | D:9      | Offered knowledge of Hailstorm by Vehumet.
 11676 | D:9      | Found a staircase to the Orcish Mines.
 11806 | D:10     | Entered Level 10 of the Dungeon
 11972 | D:10     | Noticed a two-headed ogre
 11987 | D:10     | Killed a two-headed ogre
 11987 | D:10     | Reached *** piety under Vehumet
 11988 | D:10     | Reached skill level 1 in Fighting
 12214 | D:10     | Noticed Joseph
 12225 | D:10     | Reached skill level 1 in Shields
 12226 | D:10     | Killed Joseph
 12227 | D:10     | Reached skill level 10 in Fire Magic
 12227 | D:10     | Gained mutation: You sometimes gain power by taking damage.
                  | [demonic ancestry]
 12227 | D:10     | Reached XP level 11. HP: 70/70 MP: 18/24
 12400 | D:10     | Reached skill level 10 in Spellcasting
 12438 | D:10     | Found a shimmering blue altar of Sif Muna.
 12540 | D:10     | Found a staircase to the Lair.
 12563 | D:10     | Offered knowledge of Brom's Barrelling Boulder by Vehumet.
 13038 | D:11     | Noticed a deep elf knight
 13043 | D:11     | Killed a deep elf knight
 13086 | D:11     | Noticed an arcanist
 13094 | D:11     | Noticed Urug
 13097 | D:11     | Killed an arcanist
 13100 | D:11     | Noticed a two-headed ogre
 13102 | D:11     | Noticed a two-headed ogre
 13116 | D:11     | Killed Urug
 13130 | D:10     | Killed a two-headed ogre
 13315 | D:11     | Killed a two-headed ogre
 13537 | D:11     | Noticed a +3 demon blade
 13543 | D:11     | Noticed Harold
 13601 | D:11     | Killed Harold
 13656 | D:11     | Noticed a boulder beetle
 14069 | D:9      | Learned a level 3 spell: Mephitic Cloud
 14084 | D:8      | Killed a purple ugly thing
 14204 | D:8      | Noticed a boulder beetle
 14223 | D:8      | Killed a boulder beetle
 14225 | D:8      | Noticed a tengu warrior
 14228 | D:8      | Reached **** piety under Vehumet
 14235 | D:8      | HP: 3/71 [tengu warrior/+0 great mace (19)]
 14236 | D:8      | Slain by a tengu warrior

Illustrated notes

Levels and vault maps discovered:
D:1:      lemuel_arrival_muddy, layout_basic, minivault_14,
          minmay_indecisive_spiral
D:2:      layout_rooms
D:3:      layout_basic, serial_bayou_ford_a, uniq_grinder
D:4:      layout_basic, makhleb_heckhound_becter
D:5:      layout_layer_cave
D:6:      layout_rooms, hex_medium
D:7:      layout_basic, mainiacjoe_overflow_six_doors_small,
          chequers_temple_overflow_statue_of_worship, zin_purify, temple_doors_e
D:8:      minmay_klotski, layout_basic, serial_co_window_serial,
          co_window_paths_a, co_window_corner_a, co_window_paths_a,
          co_window_corner_a, co_window_of_opportunity_a, co_window_2corner,
          co_window_corner_b, co_window_broadway_b, co_window_broadway_a,
          co_window_2corner, glass_columns_b, glass_columns_a, glass_columns_b,
          glass_columns_b, grunt_decor_arrowhead, jiyva_altar_1, uniq_maggie
D:9:      layout_big_octagon, erik_orc_1, minivault_16
D:10:     layout_roguey, lemuel_blue_sif_altar, minmay_lair_entry_grove,
          uniq_joseph
D:11:     layout_rooms, sword_in_stone
Temple:   regret_index_temple_sphere_string

Skill      XL: |  1  2  3  4  5  6  7  8  9 10 11 |
---------------+----------------------------------+-----
Fire Magic     | 3 4 5 7 8 10 11 | 11.3
Stealth        | 2 3 |  3.5
Spellcasting   | 3 4 5 6 8 9 11 | 11.5
Conjurations   | 2 3 4 5 6 |  6.5
Dodging        | 2 |  2.8
Armour         | 1 2 3 |  3.9
Fighting       | 1 |  1.4
Shields        | 1 |  1.6
Staves         | |  0.5
Evocations     | |  0.1

Action                     |  1- 3 |  4- 6 |  7- 9 | 10-12 || total
---------------------------+-------+-------+-------+-------++-------
  Melee: Staff             |    17 |     2 |     6 |    18 ||    43
         Touch             |     3 |       |       |       ||     3
         Hand axe          |       |       |       |     9 ||     9
   Cast: Foxfire           |    81 |    66 |   248 |   153 ||   548
         Scorch            |     9 |    28 |    80 |   133 ||   250
         Flame Wave        |       |       |       |    10 ||    10
         Mephitic Cloud    |       |       |       |     2 ||     2
  Evoke: Wand              |       |       |       |     1 ||     1
    Use: Scroll            |       |     3 |     2 |       ||     5
         Potion            |       |     1 |       |     3 ||     4
   Stab: Sleeping          |     1 |       |       |       ||     1
         Distracted        |       |       |     1 |       ||     1
 Armour: Robe              |    17 |    13 |       |       ||    30
         Leather armour    |       |     4 |    10 |       ||    14
         Ring mail         |       |       |    23 |       ||    23
         Swamp dragon scal |       |       |     9 |   119 ||   128
         Skin              |       |       |       |     5 ||     5
  Dodge: Dodged            |    13 |    22 |    26 |    53 ||   114
  Block: Buckler           |       |       |    10 |    25 ||    35

Table legend: (Time is in decaauts)
 A = Elapsed time spent in this place.
 B = Non-inter-level travel time spent in this place.
 C = Inter-level travel time spent in this place.
 D = Time resting spent in this place.
 E = Time spent auto-exploring this place.
 F = Levels seen in this place.
 G = Mean time per level.
                   A        B        C        D        E       F      G
               +--------+--------+--------+--------+--------+-----+--------+
         Total |  14265 |  13819 |    446 |   1076 |  10738 |  12 | 1188.8 |
       Dungeon |  14212 |  13817 |    395 |   1076 |  10738 |  11 | 1292.0 |
        Temple |     52 |      1 |     51 |      0 |      0 |   1 |   52.0 |
               +--------+--------+--------+--------+--------+-----+--------+

Top non-repeatable levels by time:
     D:5: 2257 daAuts
     D:8: 2157 daAuts
     D:3: 1675 daAuts
     D:1: 1531 daAuts
    D:10: 1462 daAuts
     D:9: 1344 daAuts
     D:6: 1070 daAuts
     D:2: 803 daAuts
     D:7: 769 daAuts
     D:4: 602 daAuts
    D:11: 539 daAuts
  Temple: 52 daAuts
